 Dungeon Sprint DCSS version 0.30.1-11-g7821555f0a (webtiles) character file.

Game seed: 11943213886629708770

39 Groucho the Shooter (level 3, -2/20 HPs)
             Began as a Spriggan Hunter on Jan 3, 2024.
             Was a Believer of Qazlal.
             Shot with an arrow by a centaur (15 damage)
             ... in the Dungeon (Sprint VII: "The Pits").
             The game lasted 00:01:33 (223 turns).

Groucho the Shooter (Spriggan Hunter)                Turns: 223, Time: 00:01:33

Health: -2/20      AC:  2    Str:  7    XL:     3   Next: 26%
Magic:  6/6        EV: 20    Int: 10    God:    Qazlal [**....]
Gold:   0          SH:  3    Dex: 20    Spells: 2/2 levels left

rFire   . . .        a - +0 shortbow
rCold   . . .        (shield currently unavailable)
rNeg    . . .        c - +0 robe
rPois   .            (helmet restricted)
rElec   .            (no cloak)
rCorr   .            (gloves unavailable)
SInv    +            (boots unavailable)
Will    .....        (no amulet)
Stlth   ++           (no ring)
HPRegen 0.23/turn    (no ring)
MPRegen 0.10/turn

%: no teleportation
@: very quick
A: very small, no large weapons, unfitting armour, see invisible, speed 3
a: Renounce Religion, Upheaval


You were in the Dungeon.
You worshipped Qazlal.
Qazlal was pleased with you.
You visited 1 branch

Inventory:

Hand Weapons
 a - a +0 shortbow (weapon)
 l - a +2 dagger
Armour
 c - a +0 robe (worn)
Scrolls
 b - a scroll of immolation
 i - a scroll of blinking
 j - 5 scrolls of amnesia
 k - a scroll of butterflies
Potions
 d - a potion of curing
 e - 2 potions of invisibility
 f - a potion of haste
 g - 4 potions of magic
 h - 3 potions of berserk rage


   Skills:
 + Level 3.0 Fighting
 + Level 5.1 Ranged Weapons
 + Level 5.0 Dodging
 - Level 1.5 Stealth
 + Level 3.0 Invocations


You had 2 spell levels left.
You didn't know any spells.
Your spell library was empty.

Dungeon Overview and Level Annotations

Branches:
Dungeon (1/1)

Altars:
Ashenzari
Cheibriados
Dithmenos
Elyvilon
Fedhas
Gozag
Hepliaklqana
Kikubaaqudgha
Makhleb
Nemelex Xobeh
Okawaru
Qazlal
Ru
Sif Muna
Trog
Uskayaw
Vehumet
Wu Jian
Xom
Yredelemnul
Zin
The Shining One
Jiyva
Lugonu


Innate Abilities, Weirdness & Mutations

You are very small and have problems with some larger weapons.
You are too small for most types of armour.
You have supernaturally acute eyesight. (SInv)
You cover ground extremely quickly. (Speed+++)


Message History

Fire: a) +0 shortbow
Press: ? - help, Q - select action, (/) - cycle Shift-Dir - straight line, f - centaur, p - hobgoblin
Aim: a centaur (75% to hit)
You shoot an arrow. The ufetubus shouts!
The arrow hits the hobgoblin!
You kill the hobgoblin!
Qazlal accepts your kill.
Your Invocations skill increases to level 3!
Unknown command.
Unknown command.
Fire: a) +0 shortbow
Press: ? - help, Q - select action, (/) - cycle Shift-Dir - straight line, f/p - centaur
Aim: a centaur (75% to hit)
You shoot an arrow. The arrow barely misses the ufetubus.
The arrow hits the centaur!
The centaur is heavily wounded.
The ufetubus closely misses you. You block the ufetubus's attack.
The ufetubus hits you. The ufetubus completely misses you.
Unknown command.
Unknown command.
Fire: a) +0 shortbow
Press: ? - help, Q - select action, (/) - cycle Shift-Dir - straight line, f/p - centaur
Aim: a centaur (heavily wounded, 75% to hit)
You shoot an arrow. The arrow hits the ufetubus.
The ufetubus is heavily wounded.
The ufetubus completely misses you. The ufetubus hits you.
The ufetubus completely misses you. The ufetubus closely misses you.
Unknown command.
Unknown command.
Fire: a) +0 shortbow
Press: ? - help, Q - select action, (/) - cycle Shift-Dir - straight line, f/p - centaur
Aim: a centaur (heavily wounded, 75% to hit)
You shoot an arrow. The arrow hits the ufetubus!
You kill the ufetubus!
Qazlal accepts your kill.
The centaur wields a +3 shortbow.
The centaur shoots an arrow.
The arrow barely misses you.
The centaur shoots an arrow.
The arrow hits you!
Ouch! That really hurt!
You die...

#_________.#
#_______...###########++
##########'##...........
#.?(.')))'.##......#..#.
##########.##...........
#...........'...........
+#####'#####......#..#.
#..#..#..##...........
#..†..)†@#####'#####++
##+####'###.......#
..c.##.......#
......##.......#
###+#####...<...#
#.......# #.......#
#.......# #########


You could see a centaur.

Vanquished Creatures
  3 river rats (D)
  2 ufetubi (D)
  An endoplasm (D)
  A hobgoblin (D)
  A kobold (D)
  A quokka zombie (D)
9 creatures vanquished.

Notes
Turn   | Place    | Note
-------+----------+-------------------------------------------
     0 | D        | Groucho the Spriggan Hunter began the quest for the Orb.
     0 | D        | Reached XP level 1. HP: 10/10 MP: 2/2
    18 | D        | Reached skill level 1 in Invocations
    18 | D        | Reached XP level 2. HP: 15/15 MP: 2/4
    43 | D        | Found a glowing golden altar of the Shining One.
    43 | D        | Found a glowing silver altar of Zin.
    43 | D        | Found a basalt altar of Yredelemnul.
    43 | D        | Found a shimmering altar of Xom.
    43 | D        | Found an ornate altar of the Wu Jian Council.
    43 | D        | Found a bloodstained altar of Trog.
    43 | D        | Found a shimmering blue altar of Sif Muna.
    43 | D        | Found a sacrificial altar of Ru.
    43 | D        | Found a stormy altar of Qazlal.
    43 | D        | Found an iron altar of Okawaru.
    43 | D        | Found a sparkling altar of Nemelex Xobeh.
    43 | D        | Found a burning altar of Makhleb.
    43 | D        | Found a viscous altar of Jiyva.
    43 | D        | Found a hazy altar of Hepliaklqana.
    43 | D        | Found an opulent altar of Gozag.
    43 | D        | Found a blossoming altar of Fedhas.
    43 | D        | Found a white marble altar of Elyvilon.
    43 | D        | Found a shadowy altar of Dithmenos.
    43 | D        | Found a snail-covered altar of Cheibriados.
    44 | D        | Found a radiant altar of Vehumet.
    44 | D        | Found a corrupted altar of Lugonu.
    45 | D        | Found an ancient bone altar of Kikubaaqudgha.
    45 | D        | Found a hide-covered altar of Uskayaw.
    45 | D        | Found a broken altar of Ashenzari.
    54 | D        | Became a worshipper of Qazlal Stormbringer
    74 | D        | Reached * piety under Qazlal
    92 | D        | Reached skill level 5 in Ranged Weapons
    92 | D        | Reached XP level 3. HP: 15/20 MP: 4/6
   217 | D        | Reached ** piety under Qazlal
   218 | D        | Reached skill level 5 in Dodging
   218 | D        | Noticed a centaur
   223 | D        | Shot with an arrow by a centaur

Illustrated notes

Levels and vault maps discovered:
D:        pitsprint [storerooms_1, entrance_room_1, metal_vault_5, armoury_3,
          mini_pit_1, grid_room_1, main_hall_1, silver_pit, the_coven_2,
          the_vestibule_1, steel_vault_2, golden_pit, hallway_of_sentries,
          crystal_vault_1, iron_vault_5, final_vault]

Skill      XL: |  1  2  3 |
---------------+----------+-----
Fighting       | 2 3 |  3.0
Dodging        | 3 4 5 |  5.0
Invocations    | 1 2 3 |  3.0
Ranged Weapons | 5 |  5.1
Stealth        | |  1.5

Action                     || total
---------------------------++-------
   Fire: Shortbow          ||    29
    Use: Potion            ||     1
  Dodge: Dodged            ||    26
  Block: Other             ||     1
